 Dungeon Crawl Stone Soup version 0.17.1-2-g5865329 (webtiles) character file.

130 Jerry the Sneak (level 5, -6/32 HPs)
             Began as an Octopode Earth Elementalist on Jan 27, 2016.
             Killed by divine providence
             ... invoked by an orc priest
              (10 damage)
             ... on level 3 of the Dungeon.
             The game lasted 00:19:30 (2983 turns).

Jerry the Sneak (Octopode Earth Elementalist)       Turns: 2983, Time: 00:19:34

Health: -6/32      AC:  1    Str:  7    XL:     5   Next: 14%
Magic:  8/9        EV: 13    Int: 18    God:
Gold:   63         SH:  0    Dex: 13    Spells: 2 memorised, 4 levels left

rFire  + . .     SeeInvis .     h - +0 whip
rCold  + . .     Clarity  .     (no shield)
rNeg   . . .     SustAt   .     (helmet restricted)
rPois  +         Gourm    .     (no amulet)
rElec  +         Spirit   .     g - ring of flight
rCorr  +         Warding  .     (no ring)
rMut   .         Stasis   .     (no ring)
MR     .....                    (no ring)
Stlth  ++++......               (no ring)
                                (no ring)
                                (no ring)
                                (no ring)

@: resistant, not resistant to hostile enchantments, stealthy
A: almost no armour, amphibious, 8 rings, constrict 8, camouflage 1, gelatinous
body 1
a: Evoke Flight


You were on level 3 of the Dungeon.
You were not hungry.

You visited 1 branch of the dungeon, and saw 3 of its levels.

You collected 63 gold pieces.

Inventory:

Hand Weapons
 f - a +0 hunting sling
 h - a +0 whip (weapon)
Missiles
 a - 26 stones (quivered)
Jewellery
 g - a ring of flight (left tentacle)
Scrolls
 d - 4 scrolls of teleportation {unknown}
 e - a scroll of noise
Potions
 k - a potion of flight {unknown}
 l - a potion of poison
Books
 b - a book of Geomancy

   Spells                             Type                      Level
   a - Sandblast                      Earth                        1
   b - Stoneskin                      Transmutation/Earth          2
   c - Passwall                       Transmutation/Earth          3
   d - Stone Arrow                    Conjuration/Earth            3
   e - Petrify                        Transmutation/Earth          4
   f - Lee's Rapid Deconstruction     Earth                        5
 i - a book of Frost

   Spells                             Type                      Level
   a - Freeze                         Ice                          1
   b - Throw Frost                    Conjuration/Ice              2
   c - Ozocubu's Armour               Charms/Ice                   3
   d - Throw Icicle                   Conjuration/Ice              4
   e - Summon Ice Beast               Ice/Summoning                4
   f - Condensation Shield            Ice                          4
Comestibles
 c - 2 bread rations
 n - a beef jerky


   Skills:
 - Level 0.6 Fighting
 - Level 0.8 Maces & Flails
 + Level 2.7 Dodging
 + Level 3.9 Stealth
 + Level 2.8 Spellcasting
 + Level 0.8 Conjurations
 - Level 1.3 Transmutations
 + Level 3.6 Earth Magic


You had 4 spell levels left.
You knew the following spells:

 Your Spells              Type           Power        Failure   Level  Hunger
a - Stone Arrow           Conj/Erth      ##....       24%         3    ###....
b - Stoneskin             Trmt/Erth      ##......     12%         2    ##.....


Dungeon Overview and Level Annotations

Branches:
Dungeon (3/15)

Altars:
Nemelex Xobeh


Innate Abilities, Weirdness & Mutations

You cannot wear most types of armour.
You are amphibious.
You can wear up to eight rings at the same time.
You can use your tentacles to constrict eight enemies at once.
Your skin changes colour to match your surroundings (Stealth).
Your rubbery body absorbs attacks (AC +1).


Message History

Your grab misses the orc wizard. The orc wizard hits you with a dagger.
You closely miss the orc wizard. You grab the orc wizard.
You squeeze the orc wizard!
The orc wizard is severely wounded.
You constrict the orc wizard, but do no damage.
The orc wizard hits you but does no damage.
The orc priest calls down the wrath of Beogh upon you.
Something smites you!
Ouch! That really hurt!
* * * LOW HITPOINT WARNING * * *
Drink which item? (? for menu, Esc to quit)
Okay, then.
Drink which item? (? for menu, Esc to quit)
It was a potion of resistance.
You feel protected.
You constrict the orc wizard, but do no damage.
The orc wizard misses you.
The orc priest invokes the aid of Beogh against you.
Something smites you!
You die...

#.# #.# #.# #.#
######### ##.# #.#
#.......# ..)###.#
#.......# ###<..)#
#.......#
############.......#
..........##.......#
...................+
#.......#.##.)..@oo#
#.#####.#.########r##
#.# #.#.###### #..#
#'#####.#......# ##.#
........######.# #..
........# #.# ##o.
........# #.# .r.
........# #.# =...
........# #.# <....


You could see an orc priest, an orc wizard and a rat.

Vanquished Creatures
  Jessica (D:3)
  5 adders
  An ooze (D:3)
  4 worms
  A giant gecko (D:3)
  2 giant cockroaches (D:2)
  5 goblins
  4 hobgoblins
  4 jackals (D:3)
  5 kobolds
  A ball python (D:1)
  5 bats
  A giant newt (D:1)
  5 rats
44 creatures vanquished.

Notes
Turn   | Place    | Note
--------------------------------------------------------------
     0 | D:1      | Jerry the Octopode Earth Elementalist began the quest for the Orb.
     0 | D:1      | Reached XP level 1. HP: 11/11 MP: 3/3
   333 | D:1      | Reached XP level 2. HP: 12/17 MP: 3/5
   417 | D:1      | Learned a level 2 spell: Stoneskin
   895 | D:2      | Reached XP level 3. HP: 12/21 MP: 3/6
  2049 | D:2      | Found a sparkling altar of Nemelex Xobeh.
  2246 | D:2      | Reached XP level 4. HP: 12/27 MP: 3/7
  2405 | D:3      | Noticed Jessica
  2420 | D:3      | Killed Jessica
  2589 | D:3      | Learned a level 3 spell: Stone Arrow
  2865 | D:3      | Reached XP level 5. HP: 27/32 MP: 7/9
  2983 | D:3      | Killed from afar by an orc priest

Action                   |  1- 3 |  4- 6 || total
-------------------------+-------+-------++-------
Melee: Unarmed           |     3 |       ||     3
       Hunting sling     |     3 |       ||     3
       Whip              |    41 |    51 ||    92
 Fire: Hunting sling     |    27 |       ||    27
Throw: Stone             |    65 |     8 ||    73
 Cast: Sandblast         |    18 |       ||    18
       Stoneskin         |     6 |     6 ||    12
  Use: Scroll            |       |     5 ||     5
       Potion            |       |     2 ||     2
 Stab: Sleeping          |       |     5 ||     5
  Eat: Chunk             |     4 |     3 ||     7
